 Dungeon Crawl Stone Soup version 0.30-a0-422-g946f4849ff (webtiles) character file.

Game seed: 14578857494881047213

790 zishaf the Sneak (level 7, 0/52 HPs)
             Began as a Vampire Enchanter on Dec 8, 2022.
             Killed by divine providence
             ... invoked by an orc priest
              (17 damage)
             ... on level 5 of the Dungeon.
             The game lasted 00:11:44 (5310 turns).

zishaf the Sneak (Vampire Enchanter)                Turns: 5310, Time: 00:11:45

Health: 0/52       AC:  4    Str:  7    XL:     7   Next: 57%
Magic:  16/19      EV: 12    Int: 20    God:
Gold:   258        SH:  0    Dex: 14    Spells: 5/10 levels left

rFire   . . .      SeeInvis +    a - +1 dagger
rCold   . . .      Faith    .    (no shield)
rNeg    . . .      Spirit   .    b - +0 robe
rPois   .          Reflect  .    k - +1 helmet
rElec   .          Harm     .    (no cloak)
rCorr   .          Rampage  .    (no gloves)
Will    .....                    (no boots)
Stlth   ++++......               y - amulet of regeneration
HPRegen 1.28/turn                q - ring of magical power
MPRegen 0.16/turn                (no ring)

@: about to teleport, healing quickly, hasted, very quick
A: alive, fangs 3, see invisible, vampiric 2
a: Exsanguinate


You were on level 5 of the Dungeon.
You visited 1 branch of the dungeon, and saw 5 of its levels.
You also visited: Sewer and Ossuary.

You collected 258 gold pieces.

Inventory:

Hand Weapons
 a - a +1 dagger (weapon)
 t - a +0 vampiric short sword
Armour
 b - a +0 robe (worn)
 k - a +1 helmet (worn)
Jewellery
 p - an amulet of the acrobat
 q - a ring of magical power (left hand)
 y - an amulet of regeneration (around neck)
Wands
 r - a wand of digging (4)
Scrolls
 g - a scroll of blinking
 i - 2 scrolls of fog
 z - 4 scrolls of enchant armour
Potions
 c - 4 potions of invisibility
 e - 4 potions of curing
 f - a potion of mutation
 h - 3 potions of heal wounds
 n - 4 potions of flight
 u - a potion of might {unknown}
 w - a potion of ambrosia {unknown}
 x - a potion of lignification {unknown}


   Skills:
 + Level 3.2 Fighting
 + Level 4.2 Short Blades
 - Level 2.1 Dodging
 + Level 7.5 Stealth
 - Level 2.0 Spellcasting
 + Level 7.0 Hexes
 + Level 3.2 Ice Magic


You had 5 spell levels left.
You knew the following spells:

 Your Spells              Type           Power      Damage    Failure   Level
a - Ensorcelled Hibernat  Hex/Ice        44%        N/A       2%          2
A - Confusing Touch       Hex            30%        N/A       2%          3

Your spell library contained the following spells:

 Spells                   Type           Power      Damage    Failure   Level
 Tukima's Dance           Hex            30%        N/A       2%          3
 Dazzling Flash           Conj/Hex       32%        N/A       11%         3
 Magic Dart               Conj           8%         1d3       16%         1
 Blink                    Tloc           4%         N/A       24%         2
 Call Imp                 Summ           2%         N/A       24%         2
 Ignite Poison            Fire/Tmut/Pois 2%         N/A       43%         3
 Kindle Blastsparks       Fire/Tloc/Air  4%         2d10      43%         3
 Mephitic Cloud           Conj/Pois/Air  2%         N/A       43%         3
 Manifold Assault         Tloc           2%         N/A       83%         4
 Freezing Cloud           Conj/Ice/Air   3%         6-21      95%         5
 Storm Form               Tmut/Air       1%         N/A       100%        7


Dungeon Overview and Level Annotations

Branches:
Dungeon (5/15)             Temple (0/1) D:5           Sewer (visited)
Ossuary (visited)

Altars:

Shops:
D:2 (

Annotations:
D:5 Grinder


Innate Abilities, Weirdness & Mutations

Your natural rate of healing is accelerated.
You have razor-sharp teeth.
You have supernaturally acute eyesight. (SInv)
You are afflicted with vampirism and can become a bat while bloodless.


Message History

Pain shoots through your body!
An orc comes into view. It is wielding a +0 club.
You closely miss Grinder.
The orc shouts!
You bite Grinder.
Grinder is moderately wounded.
Your centaur barely misses Grinder.
Your centaur kicks Grinder.
You barely miss Grinder.
Grinder is heavily wounded.
Your centaur barely misses Grinder. x2; The orc throws a boomerang.
The boomerang closely misses you. Grinder gestures at you.
You resist with some effort.
You hit Grinder but do no damage. You bite Grinder, but do no damage.
Grinder is heavily wounded.
Your centaur barely misses Grinder.
Your centaur kicks Grinder but does no damage.
You hit Grinder but do no damage. You bite Grinder.
Grinder is heavily wounded.
Grinder says, "Mostly I couldn't keep them alive."
Grinder hits you.
You writhe in agony.
You closely miss Grinder.
Grinder is heavily wounded.
Your centaur barely misses Grinder. x2
You hit Grinder but do no damage. You bite Grinder, but do no damage.
Grinder is heavily wounded.
Your centaur dissolves into shadows!
The orc throws a boomerang.
The boomerang hits you. Grinder hits you.
You writhe in agony.
You closely miss Grinder. You bite Grinder.
Grinder is heavily wounded.
You hit Grinder but do no damage.
Grinder is heavily wounded.
Grinder hits you.
* * * LOW HITPOINT WARNING * * *
As you read the scroll of teleportation, it crumbles to dust.
You feel strangely unstable.
The orc priest calls down the wrath of Beogh upon you.
Beogh smites you!
You die...

.#*,,~~~~~~,>,~~~~~~,**
.#*,,~~~~≈≈...≈≈≈≈≈≈.#
.##,,~~~~≈≈≈≈≈~≈≈≈≈≈.#
.[#,,,~~~≈≈≈≈≈≈~~≈≈..#
.#*,,,,,~≈≈≈≈≈≈≈≈....#
.#*,,,,,,.≈≈≈≈≈......#
**####
.##,,,,,,............#
*,....
.8#*****,........5.#**
*..... .##
*,,,,#...@#**########.....
.# *,,,,####.#
#............ .##
**#######'####.....<.....o
.8#
#......o...............o
.##
#..................##+#+
.####
#........o.........#*,*,
....#
#.........########.#*,,,
#...## #.)........#**
*.#*,,, 8...8#
#.)......#...#** *.#*,,,


You could see Grinder, an orc priest and an orc.

Vanquished Creatures
  A water moccasin (D:5)
  A kobold brigand (Sewer)
  2 scorpions
  An orc priest (D:4)
  2 orc wizards (D:4)
  A mummy (Ossuary)
  Robin (D:1)
  2 river rats
  7 adders
  3 worms
  6 orcs
  2 spectral bats (Ossuary)
  7 ball pythons
  6 endoplasms
  2 giant cockroaches
  17 goblins
  6 hobgoblins
  13 jackals
  A quokka (D:1)
  8 bats
  3 bat simulacra (Ossuary)
  3 frilled lizards (D:2)
  12 gnoll zombies (Ossuary)
  2 goblin simulacra (Ossuary)
  8 goblin zombies (Ossuary)
  5 hobgoblin zombies (Ossuary)
  18 kobolds
  3 kobold simulacra (Ossuary)
  A kobold zombie (Ossuary)
  4 orc zombies (Ossuary)
  10 rats
  A rat simulacrum (Ossuary)
  3 spectral goblins (Ossuary)
  6 spectral kobolds (Ossuary)
  2 spectral rats (Ossuary)
170 creatures vanquished.

Vanquished Creatures (collateral kills)
  Eustachio (D:5)
1 creature vanquished.

Grand Total: 171 creatures vanquished

Notes
Turn   | Place    | Note
-------+----------+-------------------------------------------
     0 | D:1      | zishaf the Vampire Enchanter began the quest for the Orb.
     0 | D:1      | Reached XP level 1. HP: 13/13 MP: 3/3
   136 | D:1      | Reached XP level 2. HP: 18/20 MP: 5/5
   140 | D:1      | Learned a level 2 spell: Ensorcelled Hibernation
  1090 | D:1      | Gained mutation: You are afflicted with vampirism and can
                  | become a bat while bloodless. [Vampire growth]
  1090 | D:1      | Reached XP level 3. HP: 23/25 MP: 1/6
  1096 | D:1      | Reached skill level 1 in Fighting
  1100 | D:1      | Learned a level 3 spell: Confusing Touch
  1292 | D:2      | Reached skill level 5 in Stealth
  1335 | D:2      | Found Kuenyuz's Weapon Shop.
  1350 | D:2      | Noticed Robin
  1418 | D:2      | Reached skill level 5 in Hexes
  1725 | D:1      | Killed Robin
  1726 | D:1      | Reached skill level 1 in Ice Magic
  1769 | D:2      | Reached XP level 4. HP: 30/32 MP: 2/7
  2798 | D:3      | Noticed a scorpion
  2809 | D:3      | Killed a scorpion
  2810 | D:3      | Reached XP level 5. HP: 35/38 MP: 5/8
  3256 | D:4      | Found a glowing drain.
  3260 | Sewer    | Entered a sewer
  3354 | Sewer    | Reached XP level 6. HP: 19/44 MP: 7/9
  3534 | D:4      | Found a sand-covered staircase.
  3577 | Ossuary  | Entered an ossuary
  4678 | D:4      | Reached XP level 7. HP: 51/51 MP: 10/10
  5058 | D:5      | Entered Level 5 of the Dungeon
  5264 | D:5      | Noticed Eustachio
  5279 | D:5      | Killed Eustachio
  5289 | D:5      | Noticed Grinder
  5292 | D:5      | Paralysed by Grinder for 4 turns
  5310 | D:5      | Killed from afar by an orc priest

Illustrated notes

Levels and vault maps discovered:
D:1:      dpeg_arrival_radiant, layout_basic, minmay_misc_feat_ornament
D:2:      layout_loops_ring, serial_shops, nicolae_diamond_shop, uniq_robin
D:3:      layout_rooms
D:4:      layout_gridville, nicolae_ossuary_entry_false_entrances,
          gup_sewer_entry_bowl
D:5:      layout_basic, temple_pool_b, serial_corexii_hall,
          corexii_hall_statues_l, chequers_hall_statues_wall_a,
          doesnt_shop_hydraphobe, uniq_grinder, uniq_eustachio

Skill      XL: |  1  2  3  4  5  6  7 |
---------------+----------------------+-----
Fighting       | 1 2 3 |  3.2
Short Blades   | 2 3 4 |  4.2
Stealth        | 5 6 7 |  7.5
Hexes          | 5 6 7 |  7.0
Ice Magic      | 1 2 3 |  3.2
Dodging        | |  2.1
Spellcasting   | |  2.0

Action                   |  1- 3 |  4- 6 |  7- 9 || total
-------------------------+-------+-------+-------++-------
Melee: Dagger            |   105 |   401 |    21 ||   527
       Bite              |     9 |    44 |     5 ||    58
       Punch             |       |    10 |       ||    10
 Cast: Ensorcelled Hiber |    27 |    49 |     4 ||    80
       Confusing Touch   |       |     1 |       ||     1
  Use: Potion            |       |     2 |     2 ||     4
       Scroll            |       |       |    12 ||    12
 Stab: Sleeping          |    19 |    55 |     5 ||    79
       Distracted        |       |     4 |       ||     4
       Confused          |       |     1 |       ||     1
Armor: Robe              |    23 |    94 |     1 ||   118
Dodge: Dodged            |    64 |   218 |     8 ||   290

Table legend: (Time is in decaauts)
 A = Elapsed time spent in this place.
 B = Non-inter-level travel time spent in this place.
 C = Inter-level travel time spent in this place.
 D = Time resting spent in this place.
 E = Time spent auto-exploring this place.
 F = Levels seen in this place.
 G = Mean time per level.
                   A        B        C        D        E       F      G
               +--------+--------+--------+--------+--------+-----+--------+
         Total |   5264 |   5122 |    142 |    365 |   3114 |   7 |  752.0 |
       Dungeon |   4478 |   4336 |    142 |    348 |   2902 |   5 |  895.6 |
         Sewer |    167 |    167 |      0 |      0 |      0 |   1 |  167.0 |
       Ossuary |    618 |    618 |      0 |     17 |    212 |   1 |  618.0 |
               +--------+--------+--------+--------+--------+-----+--------+

Top non-repeatable levels by time:
     D:1: 1598 daAuts
     D:4: 1123 daAuts
     D:2: 1064 daAuts
 Ossuary: 618 daAuts
     D:3: 515 daAuts
     D:5: 176 daAuts
   Sewer: 167 daAuts
